 Dungeon Crawl Stone Soup version 0.29-a0-819-g94b489e0ae (webtiles) character file.

Game seed: 13306818270130600116

37 buhh the Insei (level 3, -1/34 HPs)
             Began as an Octopode Transmuter on July 7, 2022.
             Slain by a gnoll
             ... wielding a +0 flail
              (6 damage)
             ... on level 1 of the Dungeon.
             The game lasted 00:01:54 (1466 turns).

buhh the Insei (Octopode Transmuter)                Turns: 1466, Time: 00:01:55

Health: -1/34      AC: 21    Str:  9    XL:     3   Next: 41%
Magic:  6/6        EV:  2    Int: 17    God:
Gold:   114        SH:  0    Dex: 12    Spells: 5/6 levels left

rFire   . . .      SeeInvis .     - Unarmed
rCold   . . .      Faith    .   (no shield)
rNeg    . . .      Spirit   .   (helmet currently unavailable)
rPois   +          Reflect  .   (no amulet)
rElec   .          Harm     .   (no ring)
rCorr   .          Rampage  .   (no ring)
Will    .....      NoTele   +   (no ring)
Stlth   ++........              (no ring)
HPRegen 0.11/turn               (no ring)
MPRegen 0.10/turn               (no ring)
                                (no ring)
                                (no ring)

@: tree-form
A: stationary, stasis, torment immunity, boosted hp, almost no armour,
(amphibious), 8 rings, (camouflage 1), (gelatinous body 1), (nimble swimmer 1),
(tentacles)
a: no special abilities


You were on level 1 of the Dungeon.
You were a tree.
You visited 1 branch of the dungeon, and saw 2 of its levels.

You collected 114 gold pieces.

Inventory:

Scrolls
 c - a scroll of identify {unknown}
 d - a scroll of magic mapping {unknown}
Potions
 e - 2 potions of magic {unknown}


   Skills:
 + Level 1.4 Fighting
 * Level 2.4 Dodging
 * Level 2.0 Stealth
 * Level 3.4 Unarmed Combat
 - Level 2.0 Spellcasting
 - Level 2.0 Transmutations
 + Level 0.8 Poison Magic


You had 5 spell levels left.
You knew the following spells:

 Your Spells              Type           Power      Damage    Failure   Level
a - Beastly Appendage     Tmut           16%        N/A       9%          1

Your spell library contained the following spells:

 Spells                   Type           Power      Damage    Failure   Level
 Wereblood                Tmut           8%         N/A       13%         2
 Spider Form              Tmut/Pois      6%         N/A       32%         3
 Ice Form                 Ice/Tmut       5%         N/A       77%         4


Dungeon Overview and Level Annotations

Branches:
Dungeon (2/15) Zot: 10535

Altars:

Shops:
D:1 :


Innate Abilities, Weirdness & Mutations

You are a tree.
Your roots penetrate the ground, keeping you stationary.
You cannot be teleported.
You are immune to unholy pain and torment.
Your maximum health is greatly increased.
You cannot wear most types of armour.
((You are amphibious.))
You can wear up to eight rings at the same time.
((Your skin changes colour to match your surroundings (Stealth+).))
((Your rubbery body absorbs attacks. (AC +1, EV +1)))
((You are camouflaged when in or above water. (Stealth+)))
((You have tentacles for arms and can constrict up to eight enemies at once.))


Message History

The gnoll shouts! x3
The gnoll barely misses you. The gnoll completely misses you.
You climb upwards.
There is a stone staircase leading down here.
There is an open door here.
You see here a +0 short sword.
You see here a +0 scale mail.
There is a stone staircase leading down here.
You climb downwards.
The gnoll closely misses you. x2
There is a stone staircase leading up here.
The gnoll hits you but does no damage. The gnoll hits you with a +0 club.
The gnoll hits you with a +0 whip!
You climb upwards.
There is a stone staircase leading down here.
Really quaff the potion of lignification?
You turn into a tree.
Your roots penetrate the ground.
The gnoll hits you with a +0 whip. The gnoll hits you with a +0 club.
* * * LOW HITPOINT WARNING * * *
The gnoll hits you but does no damage.
You smack the gnoll!
The gnoll is severely wounded.
The gnoll hits you but does no damage. x3
You completely miss the gnoll.
The gnoll is severely wounded.
The gnoll hits you with a +0 whip.
* * * LOW HITPOINT WARNING * * *
The gnoll hits you but does no damage. x2
You barely miss the gnoll.
The gnoll is severely wounded.
The gnoll hits you but does no damage. x3
You completely miss the gnoll.
The gnoll is severely wounded.
The gnoll barely misses you. The gnoll hits you but does no damage.
The gnoll hits you with a +0 flail.
* * * LOW HITPOINT WARNING * * *
It was a potion of curing.
You feel better. The gnoll hits you but does no damage.
The gnoll hits you with a +0 club.
* * * LOW HITPOINT WARNING * * *
The gnoll hits you with a +0 flail.
You die...

#.......#.....#
#......######## ######'###
#......# ##### #......####
....# #.........# ###.##
#.........#
###..###########gg.......#
....)..........[♣###.....#
####..###.......g# #.....#
##.###........# #....[#
#..##.......## ##...##
##.##.......# #...#
#.##.......# #...#
#..#.......# #...#
##.......### #####
#.......# #########


You could see 3 gnolls.

Vanquished Creatures
  A dart slug (D:1)
  6 endoplasms (D:1)
  2 giant cockroaches (D:1)
  A goblin (D:1)
  3 hobgoblins (D:1)
  3 jackals (D:1)
  5 ball pythons (D:1)
  4 bats (D:1)
  3 frilled lizards (D:1)
  3 kobolds (D:1)
  A rat (D:1)
32 creatures vanquished.

Notes
Turn   | Place    | Note
-------+----------+-------------------------------------------
     0 | D:1      | buhh the Octopode Transmuter began the quest for the Orb.
     0 | D:1      | Reached XP level 1. HP: 13/13 MP: 3/3
   371 | D:1      | Reached XP level 2. HP: 12/18 MP: 3/5
   973 | D:1      | Found Nen Zev's Vocational Training.
   975 | D:1      | Reached XP level 3. HP: 23/23 MP: 4/6
  1466 | D:1      | Slain by a gnoll

Illustrated notes

Levels and vault maps discovered:
D:1:      lightli_arrival_quake, layout_basic, nicolae_shop_vocational
D:2:      layout_basic, hellmonk_ecumenical_altar_arch_garden

Skill      XL: |  1  2  3 |
---------------+----------+-----
Stealth        | 1 2 |  2.0
Fighting       | |  1.4
Dodging        | |  2.4
Unarmed Combat | |  3.4
Spellcasting   | |  2.0
Transmutations | |  2.0
Poison Magic   | |  0.8

Action                   || total
-------------------------++-------
Melee: Unarmed           ||    59
       Kick              ||    24
       Constrict         ||    17
       Tentacles         ||    14
       Punch             ||     1
 Cast: Beastly Appendage ||    18
  Use: Potion            ||     2
 Stab: Sleeping          ||     1
Armor: Skin              ||    20
Dodge: Dodged            ||    37

Table legend: (Time is in decaauts)
 A = Elapsed time spent in this place.
 B = Non-inter-level travel time spent in this place.
 C = Inter-level travel time spent in this place.
 D = Time resting spent in this place.
 E = Time spent auto-exploring this place.
 F = Levels seen in this place.
 G = Mean time per level.
                   A        B        C        D        E       F      G
               +--------+--------+--------+--------+--------+-----+--------+
         Total |   1463 |   1432 |     31 |     66 |   1153 |   2 |  731.5 |
       Dungeon |   1463 |   1432 |     31 |     66 |   1153 |   2 |  731.5 |
               +--------+--------+--------+--------+--------+-----+--------+

Top non-repeatable levels by time:
     D:1: 1459 daAuts
     D:2: 4 daAuts
